 Dungeon Crawl Stone Soup version 0.29.0-11-gd7f09526c8 (webtiles) character file.

Game seed: 13623816073177734383

78 Powertoast the Insei (level 4, 0/32 HPs)
             Began as a Merfolk Transmuter on Sept 3, 2022.
             Slain by a kobold
             ... wielding a +0 whip
              (2 damage)
             ... on level 2 of the Dungeon.
             The game lasted 00:07:21 (2051 turns).

Powertoast the Insei (Merfolk Transmuter)           Turns: 2051, Time: 00:07:22

Health: 0/32       AC:  2    Str: 10    XL:     4   Next: 36%
Magic:  7/7        EV: 12    Int: 14    God:
Gold:   103        SH:  0    Dex: 14    Spells: 6/7 levels left

rFire   . . .      SeeInvis .     - Unarmed
rCold   . . .      Faith    .   (no shield)
rNeg    . . .      Spirit   .   a - +0 robe
rPois   .          Reflect  .   (no helmet)
rElec   .          Harm     .   (no cloak)
rCorr   .          Rampage  .   (no gloves)
Will    .....                   (no boots)
Stlth   +.........              (no amulet)
HPRegen 0.10/turn               (no ring)
MPRegen 0.10/turn               (no ring)

@: no status effects
A: (nimble swimmer 2), mertail
a: no special abilities


You were on level 2 of the Dungeon.
You visited 1 branch of the dungeon, and saw 2 of its levels.

You collected 103 gold pieces.

Inventory:

Armour
 a - a +0 robe (worn)
Jewellery
 d - a ring of flight
Scrolls
 c - a scroll of butterflies {unknown}
 e - a scroll of teleportation {unknown}
 h - a scroll of identify {unknown}
Potions
 b - 2 potions of lignification
 f - a potion of resistance {unknown}
 g - a potion of degeneration {unknown}


   Skills:
 - Level 1.1 Fighting
 - Level 2.6 Dodging
 * Level 5.5 Unarmed Combat
 - Level 2.0 Spellcasting
 - Level 2.6 Transmutations


You had 6 spell levels left.
You knew the following spells:

 Your Spells              Type           Power      Damage    Failure   Level
a - Beastly Appendage     Tmut           16%        N/A       8%          1

Your spell library contained the following spells:

 Spells                   Type           Power      Damage    Failure   Level
 Wereblood                Tmut           8%         N/A       12%         2
 Spider Form              Tmut/Pois      5%         N/A       38%         3
 Ice Form                 Ice/Tmut       5%         N/A       80%         4


Dungeon Overview and Level Annotations

Branches:
Dungeon (2/15)

Altars:


Innate Abilities, Weirdness & Mutations

((You are very nimble when in or above water. (Stealth+, EV+, Speed+++)))
Your lower body shifts to a powerful aquatic tail in water.


Message History

You feel sick. The adder bites you.
You closely miss the adder.
The adder is heavily wounded.
Your horns disappear.
You feel sick. The adder misses you.
You hit the adder but do no damage.
The adder is heavily wounded.
You feel sick. The adder bites you.
* * * LOW HITPOINT WARNING * * *
You punch the adder!
You kill the adder!
You feel sick.
You hit the kobold.
You kill the kobold!
You hit the kobold.
The kobold is severely wounded.
You feel sick.
You closely miss the kobold.
The kobold is severely wounded.
You feel sick.
You are no longer poisoned.
The kobold hits you but does no damage.
You closely miss the kobold.
The kobold is severely wounded.
The kobold completely misses you.
You hit the kobold but do no damage.
The kobold is severely wounded.
The kobold hits you with a +0 whip.
* * * LOW HITPOINT WARNING * * *
You closely miss the kobold.
The kobold is severely wounded.
The kobold hits you but does no damage.
You closely miss the kobold.
The kobold is severely wounded.
The kobold hits you with a +0 whip.
* * * LOW HITPOINT WARNING * * *
You hit the kobold but do no damage.
The kobold is severely wounded.
The kobold hits you with a +0 whip.
You die...

.## ############# ..#
#.#.#.Kg#.#.# #.#
##.#.K#..#.## ####.#
#.#..###bK#.# #..#.#
##K.##.##.g####..#.#
#..##.).##S.#....#.#
#..K@.$..##...#.##.#
#..##...##.K#......##
##..##.##K.##.#..<...
#.#.g###g.#.#.....##.
##.#..#..#.##......#.
#.#.#.KS#.#.#......#.
#############...#.##.
#.....#.##.
#####'#...#....


You could see a kobold.

Vanquished Creatures
  2 adders (D:2)
  3 dart slugs (D:1)
  4 bats
  4 endoplasms
  A giant cockroach (D:1)
  5 goblins
  6 hobgoblins
  6 jackals
  A quokka (D:1)
  7 frilled lizards
  8 kobolds
  5 rats
52 creatures vanquished.

Notes
Turn   | Place    | Note
-------+----------+-------------------------------------------
     0 | D:1      | Powertoast the Merfolk Transmuter began the quest for the
                  | Orb.
     0 | D:1      | Reached XP level 1. HP: 15/15 MP: 3/3
   384 | D:1      | Reached XP level 2. HP: 12/21 MP: 5/5
   531 | D:1      | Reached skill level 4 in Unarmed Combat
   969 | D:1      | Reached XP level 3. HP: 25/26 MP: 6/6
  1173 | D:1      | Found a faded altar of an unknown god.
  1579 | D:2      | Reached skill level 5 in Unarmed Combat
  1771 | D:2      | Reached XP level 4. HP: 29/32 MP: 5/7
  2051 | D:2      | Slain by a kobold

Illustrated notes

Levels and vault maps discovered:
D:1:      dpeg_arrival_solitude, layout_basic, nicolae_ecumenical_lake_church
D:2:      minmay_diamond_boxcup, layout_basic

Skill      XL: |  1  2  3 |
---------------+----------+-----
Unarmed Combat | 4 5 |  5.5
Fighting       | |  1.1
Dodging        | |  2.6
Spellcasting   | |  2.0
Transmutations | |  2.6

Action                   |  1- 3 |  4- 6 || total
-------------------------+-------+-------++-------
Melee: Unarmed           |   140 |    39 ||   179
       Punch             |     4 |       ||     4
       Headbutt          |     6 |     2 ||     8
 Cast: Beastly Appendage |     7 |     3 ||    10
 Stab: Sleeping          |     1 |       ||     1
Armor: Robe              |    25 |    15 ||    40
Dodge: Dodged            |    69 |    43 ||   112
